Map: Backwater LE

Players

CinDra - Winner!

  • Race: Zerg Zerg
  • League: Bronze
  • Spawn Location: 5:00

Deimost

  • Race: Terran Terran
  • Spawn Location: 11:00

VOD

Have the link to the VOD?

Description

Time

  • Played on: Feb. 9, 2018, 1:10 p.m.
  • Length: 6:53
Show
View Real Time Build Order
Export as new Build Order

CinDra Zerg - Winner!

Build Orders: Hatch First 

Get SALT Encoding   

  12  0:01  Drone  
  13  0:12  Overlord  
  13  0:17  Drone  
  14  0:31  Drone x2  
  16  0:36  Drone  
  17  0:54  Hatchery  
  16  0:58  Drone  
  16  1:00  Drone  
  18  1:14  Spawning Pool  
  18  1:16  Drone  
  18  1:24  Drone, Extractor  
  18  1:29  Drone  
  19  1:39  Overlord  
  19  1:51  Drone  
  20  2:02  Queen  
  20  2:04  Drone  
  20  2:06  Queen  
  20  2:07  Drone  
  26  2:11  Zergling x2  
  27  2:18  Zergling x2  
  28  2:24  Drone  
  29  2:31  Roach Warren, Metabolic Boost  
  29  2:32  Drone  
  29  2:36  Drone  
  30  2:51  Extractor, Drone  
  29  2:52  Drone x2  
  34  3:05  Queen  
  32  3:08  Drone x2  
  32  3:09  Overlord  
  32  3:12  Lair  
  36  3:24  Overlord  
  36  3:25  Overlord  
  37  3:34  Zergling x8  
  40  3:46  Roach x3  
  46  3:53  Overlord  
  46  3:54  Overlord  
  46  3:58  Drone  
  46  4:01  Drone x2  
  49  4:31  Pneumatized Carapace  
  49  4:33  Roach x5  
  49  4:34  Overlord x2  
  49  4:35  Zergling x2  
  60  4:46  Extractor  
  59  5:21  Glial Reconstitution  
  59  5:23  Roach  
  59  5:24  Roach x6, Overlord x2  
  59  5:25  Zergling x4  
  59  5:26  Zergling x2  
  76  5:36  Spire  
  75  5:49  Roach x3  
  81  5:53  Roach  
  81  5:55  Zergling x10  
  81  5:56  Zergling x2  
  72  6:33  Roach  
  72  6:34  Zergling x2, Roach x2  
  72  6:35  Zergling x4  
Show
View Real Time Build Order
Export as new Build Order

Deimost Terran 

Build Orders:  

Get SALT Encoding   

  12  0:09  Supply Depot  
  12  0:13  SCV  
  13  0:22  Refinery  
  13  0:38  Barracks  
  13  0:41  SCV  
  14  0:53  SCV  
  15  1:10  Barracks  
  15  1:17  SCV  
  16  1:29  SCV  
  16  1:30  Supply Depot  
  17  1:33  Reaper  
  18  1:41  SCV  
  20  2:01  Refinery  
  20  2:04  Barracks Reactor  
  20  2:05  Reaper  
  20  2:10  SCV  
  21  2:30  SCV  
  22  2:37  Reaper  
  22  2:40  Reaper x2  
  25  2:57  Supply Depot  
  25  3:09  Reaper, Barracks  
  25  3:12  Reaper  
  27  3:14  Reaper  
  27  3:19  Orbital Command  
  29  3:41  Reaper  
  29  3:44  Reaper  
  29  3:46  Reaper, Supply Depot  
  31  4:07  Supply Depot  
  31  4:11  SCV  
  31  4:13  Reaper  
  31  4:16  Reaper  
  34  4:18  Barracks Reactor  
  34  4:23  SCV  
  34  4:24  Reaper  
  36  4:45  Reaper  
  37  4:48  Reaper  
  38  4:55  Marine  
  38  4:56  Factory  
  39  5:02  Marine x2  
  41  5:13  Marine  
  42  5:17  Reaper  
  42  5:20  Marine x3  
  46  5:31  Marine  
  46  5:34  SCV  
  48  5:37  Marine x2  
  48  5:38  Marine  
  51  5:49  Reaper  
  52  6:13  Marine x4  
  56  6:21  Marine  
  50  6:31  Marine x4  
  39  6:45  Factory Tech Lab  
Tags
 
League
Bronze
Matchup
TvZ
Spawn Locations
Cross Positions
Add a new tag
Caveats
  • Supply blocks, unpowered buildings, or Contaminate may cause inaccurate times.
  • Supply counts are checked every 10 seconds.